 Dungeon Crawl Stone Soup version 0.31-a0-1300-gb6740aa4e6 (webtiles) character file.

Game seed: 12749428760030269529

2677 jlumianski the Grappler (level 9, -4/68 HPs)
             Began as a Gnoll Shapeshifter on Dec 19, 2023.
             Shot with an arrow by a centaur (14 damage)
             ... on level 6 of the Dungeon.
             The game lasted 00:24:18 (5326 turns).

jlumianski the Grappler (Gnoll Shapeshifter)        Turns: 5326, Time: 00:24:19

Health: -4/68      AC:  4    Str: 22    XL:     9   Next: 64%
Magic:  15/15      EV: 17    Int:  9    God:
Gold:   311        SH:  0    Dex: 10    Spells: 17/17 levels left

rFire   + .          .
                       - Unarmed
rCold   . . .        (shield currently unavailable)
rNeg    . . .        l - melded +4 ring mail
rPois   .            (no helmet)
rElec   .            s - +0 cloak
rCorr   .            y - +1 pair of gloves
SInv    .            o - +0 pair of boots
Will    +....        (no amulet)
Stlth   +            D - ring of protection from fire
HPRegen 0.31/turn    (no ring)
MPRegen 0.14/turn

%: no passive effects
@: mighty, flux-form, enlightened, flying, glowing
A: glow, contaminating, fangs 1, strong nose, distributed training, strong 1,
wild magic 1
a: Begin Untransformation


You were on level 6 of the Dungeon.
You were something dangerously unstable.
You visited 1 branch of the dungeon, and saw 6 of its levels.

You collected 311 gold pieces.

Inventory:

Hand Weapons
 r - a +0 broad axe
 v - a +3 war axe
Missiles
 k - 2 atropa-tipped darts
 q - 10 poisoned darts (quivered)
 t - 4 boomerangs
Armour
 a - a +0 animal skin
 e - a +0 pair of gloves
 l - a +4 ring mail (melded)
 o - a +0 pair of boots (worn)
 s - a +0 cloak (worn)
 u - a +0 plate armour
 y - a +1 pair of gloves (worn)
 C - +0 acid dragon scales
Jewellery
 D - a ring of protection from fire (left hand)
Talismans
 c - a beast talisman
 d - a flux talisman (active)
Wands
 w - a wand of roots (4)
Scrolls
 g - a scroll of immolation
 i - a scroll of blinking
 m - 4 scrolls of teleportation
 n - a scroll of noise
 x - a scroll of amnesia
 B - a scroll of summoning
Potions
 b - 2 potions of lignification
 f - 3 potions of attraction
 h - a potion of haste
 j - a potion of might
 p - a potion of enlightenment
 A - a potion of mutation


   Skills:
 + Level 5.3 Fighting
 + Level 4.5 Short Blades
 + Level 4.5 Long Blades
 + Level 4.5 Axes
 + Level 4.5 Maces & Flails
 + Level 4.5 Polearms
 + Level 4.5 Staves
 + Level 4.5 Ranged Weapons
 + Level 4.5 Throwing
 + Level 4.5 Armour
 + Level 6.5 Dodging
 + Level 4.5 Stealth
 + Level 4.5 Shields
 + Level 8.0 Unarmed Combat
 + Level 4.5 Spellcasting
 + Level 3.7 Conjurations
 + Level 3.7 Hexes
 + Level 3.7 Summonings
 + Level 3.7 Necromancy
 + Level 3.7 Translocations
 + Level 3.7 Transmutations
 + Level 3.7 Fire Magic
 + Level 3.7 Ice Magic
 + Level 3.7 Air Magic
 + Level 3.7 Earth Magic
 + Level 3.7 Poison Magic
 + Level 5.0 Invocations
 + Level 4.5 Evocations
 + Level 7.8 Shapeshifting


You had 17 spell levels left.
You didn't know any spells.
Your spell library contained the following spells:

 Spells                   Type           Power      Damage    Failure   Level
 Shock                    Conj/Air       44%        1d5       9%          1
 Stone Arrow              Conj/Erth      22%        3d8       24%         3
 Swiftness                Air            11%        N/A       24%         3
 Airstrike                Air            5%         2d(1-17)  58%         4
 Anguish                  Hex/Necr       5%         N/A       58%         4
 Animate Armour           Summ/Erth      22%        N/A       58%         4
 Animate Dead             Necr           11%        N/A       58%         4
 Cause Fear               Hex            5%         N/A       58%         4
 Summon Forest            Summ/Tloc      5%         N/A       88%         5
 Eringya's Noxious Bog    Tmut/Pois      5%         4d6       100%        6
 Enfeeble                 Hex            5%         N/A       100%        7
 Haunt                    Necr/Summ      5%         N/A       100%        7
 Summon Hydra             Summ           5%         N/A       100%        7
 Infestation              Necr           5%         N/A       100%        8
 Lehudib's Crystal Spear  Conj/Erth      5%         10d3      100%        8


Dungeon Overview and Level Annotations

Branches:
Dungeon (6/15)
 Temple: D:4-7

Altars:
Cheibriados
Kikubaaqudgha
Nemelex Xobeh
Ru
Sif Muna
Vehumet

Shops:
D:4 [=

Annotations:
D:6 Eustachio


Innate Abilities, Weirdness & Mutations

You are something dangerously unstable.
You glow with magical radiation, making you easy to see and hit.
Foes you strike become dangerously contaminated with magical radiation.
You are incapable of wielding weapons or throwing items.
You have very sharp teeth.
Your uncanny sense of smell can sniff out nearby items.
Your experience applies equally to all skills.
Your muscles are strong. (Str +4, Int/Dex -1)
Your spells are a little harder to cast, but a little more powerful.


Message History

The gnoll hits you with a +0 spear. The gnoll closely misses you.
You punch the gnoll!
You kill the gnoll!
The gnoll closely misses you.
You hit the gnoll.
The gnoll begins to glow.
The gnoll is moderately wounded.
The gnoll barely misses you.
You hit the gnoll.
The gnoll glows dangerously bright.
You bite the gnoll.
The gnoll is almost dead.
The gnoll hits you with a +0 spear.
You hit the gnoll.
You kill the gnoll!
Things that are here:
a +0 spear; a gnoll corpse
Things that are here:
a +0 spear; a gnoll corpse
Things that are here:
a +2 scythe of freezing; a +0 robe; the human corpse of Sigmund Unknown command.
You start resting.
A centaur is nearby!
A centaur is nearby!
The centaur shouts!
The centaur wields a +0 orcbow.
The centaur shoots an arrow.
The arrow closely misses you.
The centaur shoots an arrow.
The arrow hits you!
The centaur shoots an arrow.
The arrow misses you.
The centaur shoots an arrow.
The arrow barely misses you.
The centaur shoots an arrow.
The arrow hits you!
* * * LOW HITPOINT WARNING * * *
The centaur shoots an arrow.
The arrow hits you.
* * * LOW HITPOINT WARNING * * *
Okay, then.
It was a potion of enlightenment.
You feel very buoyant.
You fly up into the air.
It was a potion of mutation.
You feel extremely strange.
You feel stronger.
You feel less in control of your magic.
As you read the scroll of fog, it dissolves into smoke.
The centaur shoots an arrow.
The arrow hits you!
You die...

............Y.##...#........##...
##....###..........#.......#...##
###..####.Y.#........#...c....##
#...###...##.......##c.....###
###........##....#..#))....##
#......†...†.....#...)).####
#..........##§§####.#..##
#..........###§#...#....#
##..........§§p#........##
##.......##§#§§c.......)#
###.....####§§§#####...#
#.......##..#### ##.##
##.........## ### #......#.##
######.### ###


You could see a centaur.

Vanquished Creatures
  Maggie (D:6)
  Sigmund (D:6)
  4 yaks (D:6)
  2 water moccasins
  A sky beast (D:6)
  2 centaurs
  A bullfrog (D:6)
  2 scorpions
  4 killer bees
  2 jellies (D:5)
  7 hounds
  3 sleepcaps (D:5)
  4 orc wizards
  5 iguanas
  Natasha (D:2)
  6 gnolls
  7 adders
  4 worms
  2 dart slugs
  11 orcs
  6 ball pythons
  7 endoplasms
  3 giant cockroaches
  5 goblins
  6 hobgoblins
  8 jackals
  4 kobolds
  5 quokkas
  6 bats
  5 frilled lizards
  7 rats
132 creatures vanquished.

Notes
Turn   | Place    | Note
-------+----------+-------------------------------------------
     0 | D:1      | jlumianski the Gnoll Shapeshifter began the quest for the
                  | Orb.
     0 | D:1      | Reached XP level 1. HP: 17/17 MP: 1/1
    27 | D:1      | Found a faded altar of an unknown god.
   169 | D:1      | Reached XP level 2. HP: 16/23 MP: 2/2
   437 | D:2      | Reached XP level 3. HP: 28/28 MP: 3/3
  1091 | D:2      | Reached skill level 1 in Invocations
  1200 | D:2      | Reached skill level 1 in Short Blades
  1200 | D:2      | Reached skill level 1 in Long Blades
  1200 | D:2      | Reached skill level 1 in Axes
  1200 | D:2      | Reached skill level 1 in Maces & Flails
  1200 | D:2      | Reached skill level 1 in Polearms
  1200 | D:2      | Reached skill level 1 in Staves
  1200 | D:2      | Reached skill level 1 in Ranged Weapons
  1200 | D:2      | Reached skill level 1 in Throwing
  1200 | D:2      | Reached skill level 1 in Armour
  1200 | D:2      | Reached skill level 1 in Stealth
  1200 | D:2      | Reached skill level 1 in Shields
  1200 | D:2      | Reached skill level 1 in Spellcasting
  1200 | D:2      | Reached skill level 1 in Evocations
  1326 | D:2      | Reached XP level 4. HP: 32/34 MP: 5/5
  1544 | D:2      | Reached skill level 1 in Conjurations
  1544 | D:2      | Reached skill level 1 in Hexes
  1544 | D:2      | Reached skill level 1 in Summonings
  1544 | D:2      | Reached skill level 1 in Necromancy
  1544 | D:2      | Reached skill level 1 in Translocations
  1544 | D:2      | Reached skill level 1 in Transmutations
  1544 | D:2      | Reached skill level 1 in Fire Magic
  1544 | D:2      | Reached skill level 1 in Ice Magic
  1544 | D:2      | Reached skill level 1 in Air Magic
  1544 | D:2      | Reached skill level 1 in Earth Magic
  1544 | D:2      | Reached skill level 1 in Poison Magic
  1697 | D:2      | Noticed Natasha
  1700 | D:2      | Killed Natasha
  1701 | D:2      | Reached XP level 5. HP: 40/40 MP: 5/7
  2114 | D:3      | Found an ancient bone altar of Kikubaaqudgha.
  2114 | D:3      | Found a sparkling altar of Nemelex Xobeh.
  2114 | D:3      | Found a sacrificial altar of Ru.
  2114 | D:3      | Found a snail-covered altar of Cheibriados.
  2117 | D:3      | Found a radiant altar of Vehumet.
  2275 | D:3      | Reached XP level 6. HP: 38/47 MP: 8/8
  2380 | D:4      | Reached skill level 5 in Dodging
  2488 | D:4      | Found Poeguybe's Armour Shoppe.
  2866 | D:5      | Entered Level 5 of the Dungeon
  3002 | D:5      | Noticed a water moccasin
  3035 | D:4      | Killed a water moccasin
  3036 | D:4      | Reached skill level 7 in Unarmed Combat
  3036 | D:4      | Reached XP level 7. HP: 24/52 MP: 10/10
  3326 | D:4      | Found Derucig's Jewellery Shoppe.
  3784 | D:5      | Found a shimmering blue altar of Sif Muna.
  3966 | D:5      | Reached XP level 8. HP: 20/60 MP: 12/12
  4110 | D:6      | Noticed Sigmund
  4514 | D:6      | Noticed Maggie
  4534 | D:6      | Killed Maggie
  4763 | D:6      | Noticed Eustachio
  5001 | D:6      | Reached XP level 9. HP: 59/66 MP: 14/14
  5192 | D:6      | Reached skill level 5 in Fighting
  5224 | D:6      | Reached skill level 8 in Unarmed Combat
  5283 | D:6      | Killed Sigmund
  5284 | D:6      | Reached skill level 5 in Invocations
  5323 | D:6      | Gained mutation: Your muscles are strong. (Str +4, Int/Dex
                  | -1) [potion of mutation]
  5323 | D:6      | Gained mutation: Your spells are a little harder to cast,
                  | but a little more powerful. [potion of mutation]
  5326 | D:6      | Shot with an arrow by a centaur

Illustrated notes

Levels and vault maps discovered:
D:1:      pf_arrival_petrified_forest, layout_loops_ring,
          hellmonk_ecumenical_altar_blasted, kennysheep_flooded_box,
          chequers_serial_rivers_micro_a, minmay_unequal
D:2:      layout_loops_cross, serial_rivers, chequers_serial_rivers_small_a,
          chequers_serial_rivers_micro_e, chequers_serial_rivers_micro_a,
          chequers_serial_rivers_room_b, chequers_serial_rivers_marsh,
          chequers_serial_rivers_large_b, chequers_serial_rivers_marsh,
          roderic_lattice_a, nrook_loot_triangle, uniq_natasha
D:3:      layout_basic, nicolae_overflow_hidden_temple, minmay_misc_feat_pillars
D:4:      layout_loops_ring, serial_shops, shop, nicolae_shop_tiny_waterfront,
          minmay_misc_feat_iff, dreamdust_gnoll_farm
D:5:      layout_rooms, mainiacjoe_overflow_six_doors_small,
          chequers_serial_rivers_small_3
D:6:      layout_cave_pools, ebering_ghost_reflecting_pool, serial_shops,
          nicolae_shop_tiny_glass, dreamdust_mushroom_princess, uniq_eustachio,
          uniq_sigmund, uniq_maggie

Skill      XL: |  1  2  3  4  5  6  7  8  9 |
---------------+----------------------------+-----
Invocations    | 1 2 3 4 5 |  5.0
Short Blades   | 1 2 3 4 |  4.5
Long Blades    | 1 2 3 4 |  4.5
Axes           | 1 2 3 4 |  4.5
Maces & Flails | 1 2 3 4 |  4.5
Polearms       | 1 2 3 4 |  4.5
Staves         | 1 2 3 4 |  4.5
Ranged Weapons | 1 2 3 4 |  4.5
Throwing       | 1 2 3 4 |  4.5
Armour         | 1 2 3 4 |  4.5
Stealth        | 1 2 3 4 |  4.5
Shields        | 1 2 3 4 |  4.5
Spellcasting   | 1 2 3 4 |  4.5
Evocations     | 1 2 3 4 |  4.5
Conjurations   | 1 2 3 |  3.7
Hexes          | 1 2 3 |  3.7
Summonings     | 1 2 3 |  3.7
Necromancy     | 1 2 3 |  3.7
Translocations | 1 2 3 |  3.7
Transmutations | 1 2 3 |  3.7
Fire Magic     | 1 2 3 |  3.7
Ice Magic      | 1 2 3 |  3.7
Air Magic      | 1 2 3 |  3.7
Earth Magic    | 1 2 3 |  3.7
Poison Magic   | 1 2 3 |  3.7
Fighting       | 3 4 5 |  5.3
Dodging        | 5 6 |  6.5
Unarmed Combat | 7 8 |  8.0
Shapeshifting  | 7 |  7.8

Action                     |  1- 3 |  4- 6 |  7- 9 || total
---------------------------+-------+-------+-------++-------
  Melee: Unarmed           |    65 |   156 |   198 ||   419
         Bite              |     6 |    19 |    27 ||    52
         Punch             |       |     5 |     3 ||     8
  Throw: Dart              |       |     1 |    11 ||    12
  Evoke: Wand              |       |     1 |     2 ||     3
    Use: Scroll            |     1 |     6 |     4 ||    11
         Potion            |     1 |     3 |     3 ||     7
   Stab: Sleeping          |       |       |     1 ||     1
 Armour: Animal skin       |    13 |       |       ||    13
         Ring mail         |    15 |   117 |    60 ||   192
         Skin              |       |       |    71 ||    71
  Dodge: Dodged            |    32 |    91 |   162 ||   285
   Form: Flux              |       |       |     1 ||     1

Table legend: (Time is in decaauts)
 A = Elapsed time spent in this place.
 B = Non-inter-level travel time spent in this place.
 C = Inter-level travel time spent in this place.
 D = Time resting spent in this place.
 E = Time spent auto-exploring this place.
 F = Levels seen in this place.
 G = Mean time per level.
                   A        B        C        D        E       F      G
               +--------+--------+--------+--------+--------+-----+--------+
         Total |   5317 |   5181 |    136 |   1055 |   1843 |   6 |  886.2 |
       Dungeon |   5317 |   5181 |    136 |   1055 |   1843 |   6 |  886.2 |
               +--------+--------+--------+--------+--------+-----+--------+

Top non-repeatable levels by time:
     D:5: 1182 daAuts
     D:4: 1164 daAuts
     D:2: 1025 daAuts
     D:1: 791 daAuts
     D:3: 637 daAuts
     D:6: 516 daAuts
